 Dungeon Crawl Stone Soup version 0.21-a0-504-g2eda330 (webtiles) character file.

539 4thArraOfDagon the Firebug (level 7, -11/36 HPs)
             Began as a Deep Elf Fire Elementalist on Nov 26, 2017.
             Was an Initiate of Cheibriados.
             Shot with an arrow by a centaur (16 damage)
             ... on level 7 of the Dungeon.
             The game lasted 00:04:48 (1028 turns).

4thArraOfDagon the Firebug (DEFE)                   Turns: 1028, Time: 00:04:49

Health: -11/36     AC:  0    Str:  3    XL:     7   Next: 5%
Magic:  2/16       EV: 13    Int: 23    God:    Cheibriados [......]
Gold:   103        SH:  0    Dex: 16    Spells: 8/16 levels left

rFire    . . .     SeeInvis .   d - +1 short sword (venom)
rCold    + . .     Gourm    .   (no shield)
rNeg     . . .     Faith    .   (no armour)
rPois    .         Spirit   .   (no helmet)
rElec    .         Reflect  .   (no cloak)
rCorr    .         Harm     .   (no gloves)
MR       .....                  (no boots)
Stlth    ++........             (no amulet)
HPRegen  0.12/turn              i - -3 ring of strength
MPRegen  0.15/turn              (no ring)

@: slow
A: cold resistance 1, evolution 1
a: Bend Time, Renounce Religion


You were on level 7 of the Dungeon.
You worshipped Cheibriados.
Cheibriados was noncommittal.
You were hungry.

You visited 1 branch of the dungeon, and saw 7 of its levels.

You collected 103 gold pieces.

Inventory:

Hand Weapons
 d - a +1 short sword of venom (weapon)
Armour
 a - a +0 robe
 e - a +1 ring mail of magic resistance
 q - a +2 robe of positive energy
 s - the +0 scale mail "Busitok" {rElec rCorr}
   (You found it on level 5 of the Dungeon)

   It insulates you from electricity.
   It protects you from acid and corrosion.
Jewellery
 i - a -3 ring of strength (left hand)
Wands
 f - a wand of acid (5)
 h - a wand of paralysis (1)
Scrolls
 g - a scroll of teleportation
 j - a scroll of random uselessness
 l - a scroll of fog {unknown}
 m - a scroll of enchant armour {unknown}
 n - a scroll of noise {unknown}
Potions
 k - a potion of might
 r - 2 potions of curing {unknown}
Books
 b - a book of Flames

   Spells                             Type                      Level
   a - Flame Tongue                   Conjuration/Fire             1
   b - Throw Flame                    Conjuration/Fire             2
   c - Conjure Flame                  Conjuration/Fire             3
   d - Inner Flame                    Hexes/Fire                   3
   e - Sticky Flame                   Conjuration/Fire             4
   f - Fireball                       Conjuration/Fire             5
Comestibles
 c - 2 bread rations
 p - 2 royal jellies


   Skills:
 - Level 2.4 Dodging
 - Level 2.4 Stealth
 + Level 5.2 Spellcasting
 * Level 5.2 Conjurations
 * Level 6.1 Fire Magic


You had 8 spell levels left.
You knew the following spells:

 Your Spells              Type           Power        Failure   Level  Hunger
a - Flame Tongue          Conj/Fire      ####.        1%          1    None
b - Conjure Flame         Conj/Fire      ####....     2%          3    ##.....
c - Sticky Flame          Conj/Fire      ####....     9%          4    ####...


Dungeon Overview and Level Annotations

Branches:
Dungeon (7/15)
 Temple: D:4-7

Altars:
Cheibriados
Kikubaaqudgha
Wu Jian


Innate Abilities, Weirdness & Mutations

Your flesh is cold resistant. (rC+)
You evolve.


Message History

The bullfrog burns!
The bullfrog barely misses you. The bullfrog hits you!
* * * LOW HITPOINT WARNING * * *
Unknown command.
Casting: Sticky Flame
Confirm with . or Enter, or press ? or * to list all spells.
Aiming: Flame Tongue
Press: ? - help, Shift-Dir - straight line, f/p - bullfrog
Aim: a bullfrog (severely wounded, covered in liquid flames)
The flame tongue hits the bullfrog.
The bullfrog is severely wounded.
The bullfrog burns!
You kill the bullfrog!
Cheibriados thoroughly appreciates the change of pace.
Your Fire Magic skill increases to level 6!
You have reached level 7!
You feel a genetic drift.
A centaur comes into view.
The centaur shouts!
The centaur wields a shortbow.
The centaur shoots an arrow.
The arrow hits you!
You die...

.c .# .. .#### ...## #
... # #.# # .#@#
##############.#.#
...............#.######.#
<..#######(..###.........
##.# #..............# #.#
#...############ #.#
##.## #.########.#
#..........#


You could see a centaur.

Vanquished Creatures
  A hippogriff (D:7)
  An ice beast (D:7)
  A centaur (D:5)
  A bullfrog (D:7)
  The ghost of 4thArraOfDagon the Firebug, a weakling DEFE (D:5)
  2 worker ants
  A worker ant zombie (D:5)
  3 adders
  A shadow imp (D:5)
  A leopard gecko (D:5)
  An orc (D:4)
  A giant cockroach (D:7)
  4 jackals
  A kobold (D:1)
  3 frilled lizards
  A rat (D:1)
24 creatures vanquished.

Notes
Turn   | Place    | Note
-------+----------+-------------------------------------------
     0 | D:1      | 4thArraOfDagon the Deep Elf Fire Elementalist began the quest for the Orb.
     0 | D:1      | Reached XP level 1. HP: 10/10 MP: 6/6
   292 | D:2      | Reached XP level 2. HP: 8/15 MP: 0/8
   319 | D:3      | Found an ornate altar of the Wu Jian Council.
   486 | D:4      | Gained mutation: You evolve. [potion of mutation]
   486 | D:4      | Gained mutation: You have a pair of small horns on your head. [potion of mutation]
   489 | D:4      | Reached XP level 3. HP: 8/19 MP: 4/9
   494 | D:4      | Learned a level 3 spell: Conjure Flame
   514 | D:4      | Reached skill level 4 in Fire Magic
   565 | D:5      | Entered Level 5 of the Dungeon
   604 | D:5      | Noticed 4thArraOfDagon's ghost (weakling DEFE)
   642 | D:5      | Killed 4thArraOfDagon's ghost
   642 | D:5      | Reached XP level 4. HP: 11/24 MP: 1/11
   681 | D:5      | Learned a level 4 spell: Sticky Flame
   690 | D:5      | Got a jewelled scale mail
   701 | D:5      | Identified the cursed +0 scale mail "Busitok" {rElec rCorr} (You found it on level 5 of the Dungeon)
   714 | D:5      | Noticed a centaur
   718 | D:5      | HP: 1/24 [centaur (10)]
   724 | D:5      | Killed a centaur
   724 | D:5      | Reached skill level 5 in Fire Magic
   724 | D:5      | Reached XP level 5. HP: 1/28 MP: 13/13
   772 | D:5      | HP: 1/28 [jackal (2)]
   813 | D:5      | Found an ancient bone altar of Kikubaaqudgha.
   815 | D:5      | Found a snail-covered altar of Cheibriados.
   826 | D:5      | Became a worshipper of Cheibriados the Contemplative
   848 | D:4      | Noticed a phantom
   849 | D:4      | Noticed an orc warrior
   907 | D:5      | Lost mutation: You have a pair of small horns on your head. [potion of mutation]
   907 | D:5      | Lost mutation: You evolve. [potion of mutation]
   907 | D:5      | Gained mutation: You are surrounded by a mild repulsion field. (EV +2) [potion of mutation]
   907 | D:5      | Gained mutation: You are resistant to hostile enchantments. (MR+) [potion of mutation]
   907 | D:5      | Gained mutation: You are highly resistant to hostile enchantments. (MR++) [potion of mutation]
   907 | D:5      | Gained mutation: You have a pair of small horns on your head. [potion of mutation]
   908 | D:5      | Lost mutation: You are highly resistant to hostile enchantments. (MR++) [potion of mutation]
   908 | D:5      | Lost mutation: You are surrounded by a mild repulsion field. (EV +2) [potion of mutation]
   908 | D:5      | Lost mutation: You have a pair of small horns on your head. [potion of mutation]
   908 | D:5      | Lost mutation: You are resistant to hostile enchantments. (MR+) [potion of mutation]
   908 | D:5      | Gained mutation: You evolve. [potion of mutation]
   908 | D:5      | Gained mutation: Your flesh is cold resistant. (rC+) [potion of mutation]
   960 | D:7      | Noticed an ice beast
   966 | D:7      | Noticed a hippogriff
   977 | D:7      | Killed a hippogriff
   977 | D:7      | Reached XP level 6. HP: 8/32 MP: 5/15
   986 | D:7      | Killed an ice beast
   986 | D:7      | Reached skill level 5 in Spellcasting
   986 | D:7      | Reached skill level 5 in Conjurations
  1018 | D:7      | Reached skill level 6 in Fire Magic
  1018 | D:7      | Reached XP level 7. HP: 3/36 MP: 0/16
  1028 | D:7      | Shot with an arrow by a centaur

Vault maps used:
D:1:      minmay_arrival_checkered_box
D:2:      overflow_temple_1_default, patterned_corridor, uniq_robin
D:3:      overflow_temple_1_default, eat_drink_and_be_merry_uskayaw,
          tso_oasis_becter, nemelex_xobeh_ov_fountains_minmay, first_bread
D:4:      serial_glass, glass_columns_b, glass_columns_a
D:5:      gammafunk_temple_overflow_statue, nrook_pool_corridor,
          minmay_strange_pillars
D:6:      uniq_eustachio, uniq_blork_the_orc
D:7:      temple_doors_e, serial_shops, shop

Skill      XL: |  1  2  3  4  5  6 |
---------------+-------------------+-----
Conjurations   | 2 3 4 5 |  5.2
Fire Magic     | 4 5 6 |  6.1
Spellcasting   | 4 5 |  5.2
Dodging        | |  2.4
Stealth        | |  2.4

Action                   |  1- 3 |  4- 6 |  7- 9 || total
-------------------------+-------+-------+-------++-------
Melee: Short sword       |    15 |     9 |       ||    24
       Headbutt          |       |     1 |       ||     1
 Cast: Flame Tongue      |    17 |    12 |       ||    29
       Conjure Flame     |     1 |     2 |       ||     3
       Sticky Flame      |       |     3 |       ||     3
Evoke: Wand              |     3 |     6 |       ||     9
  Use: Potion            |     1 |     4 |       ||     5
       Scroll            |       |     3 |       ||     3
 Stab: Paralysed         |     6 |     8 |       ||    14
       Sleeping          |     1 |       |       ||     1
Armor: Ring mail         |     6 |       |       ||     6
       Robe              |     1 |       |       ||     1
Dodge: Dodged            |    11 |    10 |       ||    21

Table legend:
 A = Spawn XP
 B = Non-spawn XP
 C = Spawn XP percentage of total XP
 D = Spawn monster count
 E = Non-spawn monster count
 F = Spawn count percentage of total count
 G = Total turns spent on level
                    A         B        C        D         E        F      G
               +---------+---------+-------+---------+---------+-------+---------
         Total |       0 |     770 |   0.0 |       0 |      24 |   0.0 |  1028
               +---------+---------+-------+---------+---------+-------+---------
           D:1 |       0 |       5 |   0.0 |       0 |       3 |   0.0 |   248
           D:2 |       0 |      14 |   0.0 |       0 |       2 |   0.0 |    66
           D:3 |       0 |      14 |   0.0 |       0 |       2 |   0.0 |    89
           D:4 |       0 |      48 |   0.0 |       0 |       3 |   0.0 |   164
           D:5 |       0 |     231 |   0.0 |       0 |      10 |   0.0 |   353
           D:7 |       0 |     458 |   0.0 |       0 |       4 |   0.0 |    68
               +---------+---------+-------+---------+---------+-------+---------
